 Dungeon Crawl Stone Soup version 0.23.2-1-ga50397a6bc (webtiles) character file.

Game seed: 3145027359653280507

73591 Dommiel19 the Executioner (level 15, -3/201 HPs)
             Began as a Minotaur Berserker on May 18, 2019.
             Was the Champion of Trog.
             Slain by a phantasmal warrior (21 damage)
             ... led by a death knight
             ... on level 15 of the Dungeon.
             The game lasted 00:38:09 (23582 turns).

Dommiel19 the Executioner (Minotaur Berserker)     Turns: 23582, Time: 00:38:10

Health: -3/201     AC: 35    Str: 34      XL:     15   Next: 4%
Magic:  14/14      EV:  8    Int:  3 (4)  God:    Trog [******]
Gold:   1023       SH:  0    Dex: 11      Spells: 14/14 levels left

rFire    + + .     SeeInvis .   a - +5 broad axe
rCold    . . .     Gourm    .   (no shield)
rNeg     . . .     Faith    .   m - +2 crystal plate armour
rPois    .         Spirit   .   E - +2 hat
rElec    .         Reflect  .   N - scarf {cloud immunity}
rCorr    .         Harm     .   D - +2 pair of gloves
MR       ++...                  B - +0 pair of boots
Stlth    ..........             (no amulet)
HPRegen  0.43/turn              i - ring of protection from fire
MPRegen  0.14/turn              J - ring of protection from fire

@: berserking (expiring), slowed
A: retaliatory headbutt, horns 2, agile 1, deterioration 1, magic resistance 1
a: Berserk, Trog's Hand, Brothers in Arms, Renounce Religion


You were on level 15 of the Dungeon.
You worshipped Trog.
Trog was exalted by your worship.
You were not hungry.

You visited 2 branches of the dungeon, and saw 21 of its levels.

You collected 1348 gold pieces.
You spent 325 gold pieces at shops.

Inventory:

Hand Weapons
 a - a +5 broad axe (weapon)
Armour
 m - a +2 crystal plate armour (worn)
 B - a +0 pair of boots (worn)
 D - a +2 pair of gloves (worn)
 E - a +2 hat (worn)
 N - a scarf of cloud immunity (worn)
Jewellery
 i - a ring of protection from fire (left hand)
 H - an uncursed ring of positive energy
 J - a ring of protection from fire (right hand)
 L - a +4 ring of intelligence
Wands
 q - a wand of disintegration (17)
 v - a wand of enslavement (9)
 w - a wand of acid (25)
 x - a wand of iceblast (13)
 K - a wand of random effects (19)
 M - a wand of scattershot (5)
Scrolls
 b - 2 scrolls of enchant weapon
 g - 3 scrolls of magic mapping
 h - 15 scrolls of teleportation
 j - 9 scrolls of remove curse
 n - 5 scrolls of fear
 p - 5 scrolls of blinking
 t - 9 scrolls of identify
 u - 2 scrolls of fog
 y - a scroll of vulnerability {unknown}
 I - a scroll of holy word {unknown}
Potions
 d - 2 potions of curing
 e - 3 potions of agility
 f - 5 potions of haste
 k - 2 potions of lignification
 l - a potion of cancellation
 o - a potion of invisibility {unknown}
 r - 7 potions of heal wounds
 s - 3 potions of flight
 A - a potion of ambrosia
 F - a potion of mutation
 G - a potion of brilliance
Miscellaneous
 z - a sack of spiders
Comestibles
 c - 45 rations


   Skills:
 * Level 12.4 Fighting
 - Level 21.0 Axes
 + Level 18.1 Armour
 - Level 2.1 Dodging


You had 14 spell levels left.
You didn't know any spells.
Your spell library was empty.

Dungeon Overview and Level Annotations

Branches:
Dungeon (15/15)            Temple (0/1) D:5            Lair (6/6) D:8
 Shoals (0/4) Lair:4        Snake (0/4) Lair:4        Slime (0/5) Lair:6
    Orc (0/2) D:12         Vaults (0/5) D:14         Depths (0/5) D:15

Altars:
Cheibriados
Dithmenos
Elyvilon
Fedhas
Gozag
Kikubaaqudgha
Okawaru
Qazlal
Ru
Sif Muna
Uskayaw
Xom
Yredelemnul
Jiyva

Shops:
D:5 =!}[   D:10 *!%   D:11 *

Annotations:
D:6 4 runed translucent doors, Crazy Yiuf; straszyg's ghost, novice GrFi


Innate Abilities, Weirdness & Mutations

You reflexively headbutt those who attack you in melee.
You have a pair of horns on your head.
You are agile. (Dex +2)
Your body sometimes deteriorates upon taking damage.
You are resistant to hostile enchantments. (MR+)


Message History

The death knight reflects your damage back at you!
* * * LOW HITPOINT WARNING * * *
You slice the phantasmal warrior!!
The death knight hits you but does no damage.
The phantasmal warrior hits you!
* * * LOW HITPOINT WARNING * * *
The phantasmal warrior barely misses you.
You furiously retaliate!
You headbutt the phantasmal warrior!!
You destroy the phantasmal warrior!
Trog accepts your kill.
You slice the death knight!!
You feel the power of Trog in you as your rage grows.
You kill the death knight!
Trog accepts your kill.
You barely miss the phantasmal warrior.
Your damage is reflected back at you!
* * * LOW HITPOINT WARNING * * *
You slash the phantasmal warrior! You headbutt the phantasmal warrior.
The phantasmal warrior is heavily damaged.
The phantasmal warrior hits you!!
You die...

........# #.......
........# #.......
......$.# #..≈§≈§§
........# #...§§§≈
........# #.....§§
...≈....# #.....[.
..≈≈≈..)# #.......
...≈...W# #...≈§≈.
.......@#########..≈≈§≈≈
..........).....[....≈≈≈
........................
#######...........######
#...........#
#...........#
#############


You could see a phantasmal warrior.

Vanquished Creatures
  Kirke (D:14)
  An emperor scorpion (D:15)
  A dire elephant (D:15)
  A fire dragon (Lair:6)
  An ogre mage (D:14)
  A rakshasa (D:15)
  5 hydras
  2 death knights
  5 two-headed ogres
  A queen ant (Lair:3)
  2 centaur warriors
  6 death yaks (Lair:5)
  A tengu warrior (D:12)
  Urug (Lair:2)
  A shadow wraith (D:10)
  A fire crab (Lair:6)
  2 skeletal warriors
  2 unseen horrors
  A phantasmal warrior (D:15)
  A swamp dragon (Lair:6)
  2 wolf spider zombies
  An orc knight (D:15)
  Pikel (D:8)
  3 deep elf magi
  An orc sorcerer (D:15)
  4 cyclopes
  8 ugly things
  A manticore (D:12)
  An elephant (D:8)
  A centaur zombie (D:15)
  2 black mambas
  A salamander (D:15)
  Maurice (D:8)
  Joseph (D:7)
  5 spiny frogs
  A gargoyle (D:15)
  An efreet (D:9)
  6 komodo dragons
  A rime drake (Lair:6)
  3 freezing wraiths
  A tengu conjurer (D:12)
  8 trolls
  9 polar bears (Lair:6)
  3 hornets
  A polar bear (shapeshifter) (D:15)
  Prince Ribbit (D:7)
  3 blink frogs (Lair:6)
  9 hippogriffs
  4 raiju (Lair:6)
  8 dream sheep (Lair:6)
  A meliai zombie (D:13)
  2 slime creatures (D:15)
  A shadow (D:11)
  2 wyverns
  33 yaks
  3 wraiths
  Grum (D:8)
  4 hogs (D:14)
  3 steam dragons (Lair:6)
  Menkaure (D:5)
  4 basilisks
  3 vampire mosquitoes (D:15)
  6 wargs (Lair:6)
  A soldier ant (shapeshifter) (D:15)
  5 soldier ants (Lair:3)
  8 water moccasins
  3 acid dragons
  11 hell hounds (Lair:6)
  8 porcupines
  3 orc warriors
  A swamp drake (Lair:6)
  2 eyes of draining
  A slave (D:8)
  11 black bears
  4 ice beasts
  4 ogres
  A sky beast (D:10)
  3 phantoms
  2 necrophages
  25 wolves
  A boggart (D:15)
  9 centaurs
  9 crocodiles
  Blork the orc (D:5)
  A big kobold (D:12)
  19 bullfrogs
  A gnoll sergeant (D:7)
  A wyvern zombie (D:12)
  2 wyvern skeletons
  3 scorpions
  9 killer bees
  13 wights
  2 vampire bats (D:3)
  5 howler monkeys
  10 crimson imps
  3 bullfrog zombies
  5 hounds
  4 jellies
  6 orc priests
  5 centaur skeletons
  5 orc wizards
  4 bullfrog skeletons
  Jessica (D:2)
  Natasha (D:2)
  Terence (D:2)
  3 iguanas
  19 worker ants
  A hound zombie (D:5)
  A worker ant zombie (D:9)
  23 adders
  8 gnolls
  4 shadow imps
  2 oozes
  An adder zombie (D:6)
  An adder skeleton (D:6)
  3 worms
  3 leopard geckos
  25 orcs
  A ball python (D:2)
  7 bats
  2 bat skeletons (D:3)
  3 bat zombies (D:3)
  8 giant cockroaches
  11 goblins
  5 hobgoblins
  9 jackals
  6 quokkas
  9 frilled lizards
  6 kobolds
  9 rats
  2 bushes (Lair:5)
  2 fungi
  6 plants
587 creatures vanquished.

Vanquished Creatures (collateral kills)
  A hydra (Lair:2)
1 creature vanquished.

Vanquished Creatures (others)
  A slave (D:8)
  A black bear (Lair:6)
  An orc priest (D:15)
  9 fungi
  18 plants
30 creatures vanquished.

Grand Total: 618 creatures vanquished

Notes
Turn   | Place    | Note
-------+----------+-------------------------------------------
     0 | D:1      | Dommiel19 the Minotaur Berserker began the quest for the
                  | Orb.
     0 | D:1      | Reached XP level 1. HP: 19/19 MP: 0/0
     2 | D:1      | Noticed a tengu
     2 | D:1      | Noticed a gargoyle
     4 | D:1      | Noticed a merfolk
     6 | D:1      | Noticed a vampire
     6 | D:1      | Noticed an ogre
     8 | D:1      | Noticed a troll
    10 | D:1      | Noticed a dwarf
    10 | D:1      | Noticed an octopode
    12 | D:1      | Noticed a felid
    12 | D:1      | Noticed a draconian
    14 | D:1      | Noticed an elf
    14 | D:1      | Noticed a minotaur
    16 | D:1      | Noticed a halfling
    18 | D:1      | Noticed a demigod
    18 | D:1      | Noticed a spriggan
    20 | D:1      | Noticed a centaur
    22 | D:1      | Noticed a human
    22 | D:1      | Noticed a ghoul
    24 | D:1      | Noticed a demonspawn
    24 | D:1      | Noticed a formicid
    26 | D:1      | Noticed a vine stalker
    26 | D:1      | Noticed a naga
    35 | D:1      | Reached skill level 4 in Axes
    39 | D:1      | Reached XP level 2. HP: 22/26 MP: 1/1
   305 | D:1      | Reached skill level 5 in Axes
   316 | D:1      | Reached ** piety under Trog
   341 | D:1      | Reached XP level 3. HP: 31/31 MP: 2/2
   778 | D:2      | Noticed Jessica
   786 | D:2      | Killed Jessica
   795 | D:2      | Reached XP level 4. HP: 36/39 MP: 3/3
   801 | D:2      | Reached skill level 6 in Axes
  1043 | D:2      | Noticed Terence
  1052 | D:2      | Killed Terence
  1240 | D:2      | Noticed Natasha
  1247 | D:2      | Killed Natasha
  1247 | D:2      | Reached skill level 7 in Axes
  1247 | D:2      | Reached XP level 5. HP: 32/45 MP: 4/4
  1352 | D:2      | Found a runed translucent door.
  1352 | D:2      | Noticed a human
  1357 | D:2      | Found a basalt altar of Yredelemnul.
  1835 | D:3      | Reached *** piety under Trog
  2145 | D:3      | Found a stormy altar of Qazlal.
  2720 | D:3      | Found an ancient bone altar of Kikubaaqudgha.
  2724 | D:3      | Reached skill level 8 in Axes
  2724 | D:3      | Reached XP level 6. HP: 51/51 MP: 5/5
  2907 | D:3      | Found a shimmering altar of Xom.
  2907 | D:3      | Found a blossoming altar of Fedhas.
  2911 | D:3      | Gained mutation: You are agile. (Dex +2) [potion of
                  | mutation]
  2911 | D:3      | Gained mutation: Your body sometimes deteriorates upon
                  | taking damage. [potion of mutation]
  2911 | D:3      | Gained mutation: You are resistant to hostile enchantments.
                  | (MR+) [potion of mutation]
  3176 | D:4      | Found a snail-covered altar of Cheibriados.
  3397 | D:4      | Found an iron altar of Okawaru.
  3431 | D:4      | Reached skill level 5 in Armour
  3431 | D:4      | Reached XP level 7. HP: 53/57 MP: 6/6
  3876 | D:5      | Entered Level 5 of the Dungeon
  3903 | D:5      | Found Etuab's Gadget Boutique.
  3909 | D:5      | Found Raxaoh's Armour Shop.
  3916 | D:5      | Reached skill level 9 in Axes
  4023 | D:5      | Noticed a troll
  4034 | D:5      | Killed a troll
  4228 | D:5      | Found a staircase to the Ecumenical Temple.
  4242 | D:5      | Found Sopuro's Jewellery Boutique.
  4340 | D:5      | Reached XP level 8. HP: 64/64 MP: 7/7
  4351 | D:5      | Found Siliwk's Distillery.
  4390 | D:5      | Noticed Menkaure
  4401 | D:5      | Killed Menkaure
  4401 | D:5      | Reached skill level 10 in Axes
  4738 | D:5      | Found a shadowy altar of Dithmenos.
  4751 | D:5      | Noticed Blork the orc
  4759 | D:5      | Killed Blork the orc
  4865 | D:6      | Reached **** piety under Trog
  4908 | D:6      | Found an opulent altar of Gozag.
  5098 | D:6      | Found a white marble altar of Elyvilon.
  5141 | D:6      | Found a runed translucent door.
  5142 | D:6      | Noticed Crazy Yiuf
  5334 | D:6      | Found a runed translucent gate.
  5334 | D:6      | Found a runed translucent gate.
  5334 | D:6      | Found a runed translucent gate.
  5334 | D:6      | Noticed straszyg's ghost (novice GrFi)
  5488 | D:6      | Found a sacrificial altar of Ru.
  5603 | D:7      | Reached skill level 11 in Axes
  5639 | D:7      | Noticed Prince Ribbit
  5658 | D:7      | Killed Prince Ribbit
  5658 | D:7      | Reached XP level 9. HP: 61/70 MP: 8/8
  5943 | D:7      | Noticed Joseph
  5961 | D:7      | Killed Joseph
  5961 | D:7      | Reached skill level 12 in Axes
  5961 | D:7      | Reached skill level 10 in Armour
  6623 | D:7      | Found a deep blue altar of Sif Muna.
  6798 | D:8      | Noticed Grum
  6799 | D:8      | Noticed Pikel
  6802 | D:8      | Reached skill level 13 in Axes
  6809 | D:8      | Noticed Maurice
  6811 | D:8      | Killed Grum
  6811 | D:8      | Reached XP level 10. HP: 77/77 MP: 9/9
  6824 | D:8      | Killed Maurice
  6827 | D:8      | Killed Pikel
  6890 | D:8      | Reached ***** piety under Trog
  6939 | D:8      | Noticed an elephant
  6940 | D:8      | Found a staircase to the Lair.
  6954 | D:8      | Killed an elephant
  6954 | D:8      | Reached skill level 14 in Axes
  7182 | D:8      | You fall through a shaft for 2 floors!
  7182 | D:10     | Entered Level 10 of the Dungeon
  7248 | D:10     | Found Kiutset's Food Emporium.
  7742 | D:9      | Noticed a cyclops
  7753 | D:9      | Killed a cyclops
  7879 | D:9      | Received a gift from Trog
  7879 | D:9      | Reached skill level 15 in Axes
  8416 | Lair:1   | Entered Level 1 of the Lair of Beasts
  8440 | Lair:1   | Reached XP level 11. HP: 65/82 MP: 10/10
  8977 | Lair:1   | Reached skill level 16 in Axes
 10059 | Lair:2   | Noticed Urug
 10060 | Lair:2   | Noticed a six-headed hydra
 10063 | Lair:2   | Killed Urug
 10070 | Lair:2   | Killed an eight-headed hydra
 10668 | Lair:3   | Noticed a four-headed hydra
 10685 | Lair:3   | Killed a 15-headed hydra
 10797 | Lair:3   | Reached skill level 17 in Axes
 11218 | Lair:3   | Reached XP level 12. HP: 90/90 MP: 11/11
 11237 | Lair:3   | Noticed a queen ant
 11258 | Lair:3   | Killed a queen ant
 11283 | Lair:3   | HP: 4/90 [poisoned by a queen ant]
 11288 | Lair:3   | HP: 2/90 [poisoned by a queen ant]
 11701 | Lair:3   | Received a gift from Trog
 12078 | Lair:3   | Reached skill level 18 in Axes
 12462 | Lair:4   | Found a staircase to the Shoals.
 12678 | Lair:4   | Found a staircase to the Snake Pit.
 12709 | Lair:4   | Received a gift from Trog
 13361 | Lair:5   | Found a hide-covered altar of Uskayaw.
 13773 | Lair:5   | Noticed a death yak
 13773 | Lair:5   | Noticed a death yak
 13773 | Lair:5   | Noticed a death yak
 13773 | Lair:5   | Noticed a death yak
 13774 | Lair:5   | Noticed a death yak
 13774 | Lair:5   | Noticed a death yak
 13790 | Lair:5   | Killed a death yak
 13795 | Lair:5   | Killed a death yak
 13800 | Lair:5   | Killed a death yak
 13800 | Lair:5   | Reached skill level 15 in Armour
 13803 | Lair:5   | Killed a death yak
 13805 | Lair:5   | Killed a death yak
 13805 | Lair:5   | Reached skill level 19 in Axes
 13858 | Lair:5   | Killed a death yak
 14303 | Lair:6   | Entered Level 6 of the Lair of Beasts
 14399 | Lair:6   | Reached XP level 13. HP: 91/95 MP: 12/12
 14410 | Lair:6   | Found a viscous altar of Jiyva.
 14411 | Lair:6   | Found a staircase to the Slime Pits.
 14776 | Lair:6   | Received a gift from Trog
 15315 | Lair:6   | Reached skill level 20 in Axes
 15442 | Lair:6   | Noticed a fire dragon
 15461 | Lair:6   | Killed a fire dragon
 17206 | D:10     | Found Zuaty's Distillery.
 17216 | D:10     | Bought a potion of haste for 130 gold pieces
 17216 | D:10     | Bought a potion of heal wounds for 65 gold pieces
 17216 | D:10     | Bought a potion of heal wounds for 65 gold pieces
 17216 | D:10     | Bought a potion of heal wounds for 65 gold pieces
 17267 | D:10     | Received a gift from Trog
 17324 | D:10     | Found Foigul's Assorted Antiques.
 17444 | D:10     | Paralysed by a hornet for 3 turns
 18164 | D:11     | Found Husiecy's Elemental Accessories.
 18387 | D:11     | Reached skill level 21 in Axes
 19484 | D:12     | Reached skill level 5 in Fighting
 19680 | D:12     | Reached XP level 14. HP: 98/107 MP: 13/13
 20222 | D:12     | Found a staircase to the Orcish Mines.
 20496 | D:13     | Received a gift from Trog
 21228 | D:14     | Found a gate to the Vaults.
 21228 | D:14     | Noticed Kirke
 21244 | D:14     | Killed Kirke
 21342 | D:14     | Reached skill level 10 in Fighting
 22027 | D:15     | Entered Level 15 of the Dungeon
 22101 | D:15     | Reached ****** piety under Trog
 22101 | D:15     | Received a gift from Trog
 22448 | D:15     | Noticed an emperor scorpion
 22474 | D:15     | Killed an emperor scorpion
 22489 | D:15     | HP: 6/125 [poisoned by an emperor scorpion]
 22494 | D:15     | HP: 4/125 [poisoned by an emperor scorpion]
 22499 | D:15     | HP: 3/125 [poisoned by an emperor scorpion]
 22507 | D:15     | HP: 3/125 [poisoned by an emperor scorpion]
 22944 | D:15     | Found a staircase to the Depths.
 23317 | D:15     | Reached XP level 15. HP: 120/133 MP: 14/14
 23582 | D:15     | Slain by a phantasmal warrior

Skill      XL: |  1  2  3  4  5  6  7  8  9 10 11 12 13 14 |
---------------+-------------------------------------------+-----
Axes           | 4 5 7 8 9 11 13 15 17 19 21 | 21.0
Armour         | 3 5 6 9 11 12 14 15 16 18 | 18.1
Fighting       | 5 12 | 12.4
Dodging        | |  2.1

Action                   |  1- 3 |  4- 6 |  7- 9 | 10-12 | 13-15 || total
-------------------------+-------+-------+-------+-------+-------++-------
Melee: Hand axe          |    71 |   200 |   195 |       |       ||   466
       Headbutt          |     6 |    36 |    65 |   104 |   205 ||   416
       Broad axe         |       |       |    90 |   318 |   802 ||  1210
       War axe           |       |       |       |   196 |       ||   196
Invok: Berserk           |       |       |     5 |     6 |    16 ||    27
Evoke: Wand              |       |       |       |     4 |       ||     4
       Phantom mirror    |       |       |       |     1 |       ||     1
  Use: Scroll            |     1 |    10 |     3 |     2 |     9 ||    25
       Potion            |       |     6 |     2 |    11 |     1 ||    20
  Eat: Chunk             |       |     7 |    12 |    27 |    24 ||    70
       Ration            |       |       |     1 |     1 |     6 ||     8
Armor: Animal skin       |     5 |       |       |       |       ||     5
       Ring mail         |    22 |    37 |       |       |       ||    59
       Crystal plate arm |       |    77 |   184 |   394 |   734 ||  1389
Dodge: Dodged            |    46 |    75 |    66 |   133 |   243 ||   563
